 Dungeon Crawl Stone Soup version 0.28.0 (webtiles) character file.

Game seed: 2254097246894243646

128 bromine the Cudgeller (level 4, 0/45 HPs)
             Began as a Troll Berserker on Feb 11, 2022.
             Was a Believer of Trog.
             Killed by nerve-wracking pain
             ... invoked by a shadow imp
             ... summoned by Natasha
              (9 damage)
             ... on level 3 of the Dungeon.
             The game lasted 00:06:19 (1596 turns).

bromine the Cudgeller (Troll Berserker)             Turns: 1596, Time: 00:06:19

Health: 0/45       AC:  8    Str: 27    XL:     4   Next: 87%
Magic:  3/3        EV: 10    Int:  3    God:    Trog [**....]
Gold:   95         SH:  0    Dex:  9    Spells: 3/3 levels left

rFire   . . .      SeeInvis .   a - +0 mace
rCold   . . .      Faith    .   (no shield)
rNeg    . . .      Spirit   .   b - +0 animal skin
rPois   .          Reflect  .   (helmet restricted)
rElec   .          Harm     .   (no cloak)
rCorr   .          Rampage  .   (gloves unavailable)
Will    .....                   (boots unavailable)
Stlth   +.........              (no amulet)
HPRegen 0.95/turn               c - ring of flight
MPRegen 0.08/turn               d - +4 ring of protection

@: on berserk cooldown, flying, slowed, very slow
A: large, unfitting armour, claws 3, regeneration 1, shaggy fur 1, tough skin 1
a: Renounce Religion, Berserk, Trog's Hand


You were on level 3 of the Dungeon.
You worshipped Trog.
Trog was pleased with you.
You visited 1 branch of the dungeon, and saw 3 of its levels.

You collected 95 gold pieces.

Inventory:

Hand Weapons
 a - a +0 mace (weapon)
 f - a +0 halberd
Armour
 b - a +0 animal skin (worn)
Jewellery
 c - a ring of flight (left claw)
 d - a +4 ring of protection (right claw)
Scrolls
 e - 3 scrolls of identify


   Skills:
 + Level 3.0 Fighting
 + Level 4.0 Maces & Flails
 + Level 3.2 Dodging
 + Level 0.1 Stealth


You had 3 spell levels left.
You didn't know any spells.
Your spell library contained the following spells:

 Spells                   Type           Power      Damage    Failure   Level
 Ignite Poison            Fire/Tmut/Pois 0%         N/A       88%         3
 Mephitic Cloud           Conj/Pois/Air  0%         N/A       88%         3
 Freezing Cloud           Conj/Ice/Air   0%         6-21      100%        5


Dungeon Overview and Level Annotations

Branches:
Dungeon (3/15)

Altars:
Kikubaaqudgha

Annotations:
D:3 Natasha


Innate Abilities, Weirdness & Mutations

You are too large for most types of armour.
You have claws for hands.
Your natural rate of healing is unusually fast.
You are covered in fur. (AC +1)
You have tough skin. (AC +1)


Message History

The shadow imp is heavily wounded.
The shadow imp closely misses you. The shadow imp hits you. Natasha claws you!
You closely miss the shadow imp.
The shadow imp is heavily wounded.
You are no longer berserk.
You are exhausted.
You feel yourself slow down.
The shadow imp hits you but does no damage.
The shadow imp misses you. Natasha claws you but does no damage.
You completely miss the shadow imp.
The shadow imp is heavily wounded.
The shadow imp hits you but does no damage. x2
Natasha mumbles some strange words.
Natasha shimmers violently.
Natasha claws you. The shadow imp hits you.
You closely miss Natasha. The shadow imp gestures at you.
Pain shoots through your body!
* * * LOW HITPOINT WARNING * * *
Natasha claws you.
* * * LOW HITPOINT WARNING * * *
The shadow imp gestures at you. Pain shoots through your body!
* * * LOW HITPOINT WARNING * * *
The shadow imp barely misses you.
Natasha casts a spell.
The shadow imp hits you but does no damage.
You sock Natasha!
Natasha is severely wounded.
The shadow imp hits you.
* * * LOW HITPOINT WARNING * * *
Natasha claws you but does no damage.
The crimson imp blinks!
The shadow imp laughs crazily.
The shadow imp hits you but does no damage.
The shadow imp closely misses you. Natasha claws you but does no damage.
You closely miss Natasha.
Natasha is severely wounded.
The shadow imp gestures at you. Pain shoots through your body!
You die...

#.# #.# # #.# #.# # #.#
######.# # #.#
#...##.###### ###.###
#...##...[...
#.....###..........##
#####..†.........#####.#
.......55.......[# #.##
#####.5)@........# #...
#..§h.###....# #.##
####### #....#####...
#..........##
############


You could see Natasha, a crimson imp (summoned) and 2 shadow imps.

Vanquished Creatures
  Natasha (D:3)
  3 gnolls (D:2)
  3 adders
  2 dart slugs
  6 endoplasms
  2 giant cockroaches
  4 goblins
  5 hobgoblins
  3 kobolds
  2 quokkas
  4 ball pythons
  4 bats
  A frilled lizard (D:1)
  3 rats
43 creatures vanquished.

Vanquished Creatures (others)
  A plant (D:1)
  2 withered plants
3 creatures vanquished.

Grand Total: 46 creatures vanquished

Notes
Turn   | Place    | Note
-------+----------+-------------------------------------------
     0 | D:1      | bromine the Troll Berserker began the quest for the Orb.
     0 | D:1      | Reached XP level 1. HP: 22/22 MP: 0/0
   143 | D:1      | Reached XP level 2. HP: 29/29 MP: 1/1
   236 | D:1      | Reached skill level 3 in Maces & Flails
   570 | D:1      | Found a faded altar of an unknown god.
   751 | D:2      | Reached ** piety under Trog
   773 | D:2      | Reached XP level 3. HP: 36/36 MP: 2/2
   953 | D:2      | Reached XP level 4. HP: 25/44 MP: 3/3
  1429 | D:3      | Noticed Natasha
  1436 | D:3      | Killed Natasha
  1483 | D:3      | Found an ancient bone altar of Kikubaaqudgha.
  1577 | D:3      | Noticed Natasha
  1580 | D:3      | Reached skill level 4 in Maces & Flails
  1596 | D:3      | Killed from afar by a shadow imp

Illustrated notes

Levels and vault maps discovered:
D:1:      enne_arrival_octagon_isle, layout_basic,
          shapermc_ecumenical_altar_flowoftime, grunt_decor_arrowhead,
          minmay_misc_feat_diagonals
D:2:      layout_basic
D:3:      layout_loops_ring, kiku_gazebo_garden_becter, uniq_natasha

Skill      XL: |  1  2  3  4 |
---------------+-------------+-----
Maces & Flails | 3 4 |  4.0
Dodging        | 3 |  3.2
Fighting       | 3 |  3.0
Stealth        | |  0.1

Action                   |  1- 3 |  4- 6 || total
-------------------------+-------+-------++-------
Melee: Mace              |   101 |    44 ||   145
       Punch             |     1 |       ||     1
Invok: Berserk           |     1 |     2 ||     3
  Use: Scroll            |     3 |     1 ||     4
Armor: Animal skin       |    43 |    30 ||    73
Dodge: Dodged            |    84 |    18 ||   102
